 Dungeon Crawl Stone Soup version 0.29-a0-234-g0dae59b3db (webtiles) character file.

Game seed: 904822619538301531

260 Murumi the Shield-Bearer (level 6, -11/48 HPs)
             Began as a Formicid Fighter on Mar 3, 2022.
             Killed from afar by a gnoll (26 damage)
             ... with a bolt of acid
             ... on level 3 of the Dungeon.
             The game lasted 00:10:46 (3055 turns).

Murumi the Shield-Bearer (Formicid Fighter)         Turns: 3055, Time: 00:10:46

Health: -11/48     AC:  7    Str: 21    XL:     6   Next: 41%
Magic:  6/6        EV:  9    Int:  9    God:
Gold:   113        SH:  5    Dex: 10    Spells: 5/5 levels left

rFire   . . .      SeeInvis +   j - +0 morningstar
rCold   . . .      Faith    .   c - +0 buckler
rNeg    . . .      Spirit   .   b - +0 scale mail
rPois   .          Reflect  .   (helmet unavailable)
rElec   .          Harm     .   (no cloak)
rCorr   .          Rampage  .   (no gloves)
Will    +....                   (no boots)
Stlth   ..........              (no amulet)
HPRegen 0.16/turn               f - ring of willpower
MPRegen 0.10/turn               (no ring)

@: no status effects
A: permanent stasis, dig shafts and tunnels, antennae 3, four strong arms
a: Dig, Shaft Self


You were on level 3 of the Dungeon.
You visited 1 branch of the dungeon, and saw 3 of its levels.

You collected 113 gold pieces.

Inventory:

Hand Weapons
 e - a +0 whip
 j - a +0 morningstar (weapon)
Armour
 b - a +0 scale mail (worn)
 c - a +0 buckler (worn)
Jewellery
 f - a ring of willpower (left hand)
Wands
 g - a wand of iceblast (11)
Potions
 d - a potion of might
 h - 2 potions of curing


   Skills:
 + Level 4.0 Fighting
 - Level 4.0 Maces & Flails
 - Level 4.0 Armour
 - Level 1.0 Dodging
 - Level 5.0 Shields
 - Level 2.0 Evocations


You had 5 spell levels left.
You didn't know any spells.
Your spell library contained the following spells:

 Spells                   Type           Power      Damage    Failure   Level
 Sublimation of Blood     Necr           0%         N/A       89%         2
 Wereblood                Tmut           0%         N/A       89%         2
 Summon Hydra             Summ           0%         N/A       100%        7


Dungeon Overview and Level Annotations

Branches:
Dungeon (3/15)

Altars:


Innate Abilities, Weirdness & Mutations

You cannot be hasted, slowed, berserked, paralysed or teleported.
You can dig through walls and to a lower floor.
You have a pair of large antennae on your head. (SInv)
Your four strong arms can wield two-handed weapons with a shield.


Message History

You sock the worm!
The worm is almost dead.
The worm bites you but does no damage.
You barely miss the worm.
The worm is almost dead.
The worm bites you but does no damage.
You barely miss the worm.
The worm is severely wounded.
You hit the worm.
You kill the worm!
An orc comes into view. It is wielding a +0 club.
The kobold throws a stone.
You block the stone.
The orc moves out of view.
You block the kobold's attack.
You closely miss the kobold.
The kobold hits you with a +0 scimitar! x2
You closely miss the kobold. You block the kobold's attack.
The gnoll shouts!
You hit the kobold but do no damage. The kobold barely misses you.
You puncture the kobold!
You kill the kobold!
The gnoll closely misses you.
You closely miss the gnoll. The gnoll hits you with a +0 mace!
The orc shouts!
You thump the gnoll!
You kill the gnoll!
Training target 4.0 for Maces & Flails reached!
Your Maces & Flails skill increases to level 4!
You need to enable at least one skill for training.
Items here: ! ) ÷ †.
You puncture the orc!
You kill the orc!
The gnoll zaps a wand.
The bolt of acid misses you.
The gnoll zaps a wand.
The bolt of acid hits you!
Items here: ! )) ÷ ††.
You are too injured to fight recklessly!
The gnoll hits you but does no damage.
You closely miss the gnoll. The gnoll hits you with a +0 flail.
You block the gnoll's attack.
You barely miss the gnoll.
The gnoll zaps a wand.
The bolt of acid hits you!!
Ouch! That really hurt!
You die...

#... ....# #. #....
....# #.
#....♣♣♣♣♣....##. #.
#.............##.# ##
#.............##.#
#.............##.#
#######)########.#
#.....g.# #.#
#.###..@########.#######
#..))....##...).....
#...####.##..#######
.......####.##..######
#.....>...............#
###.##..####.[#.†####.##
#. #..# #..#..# ... #
#..# #..#>.##..... #..#
#..#<).......


You could see a gnoll.

Vanquished Creatures
  A centaur (D:3)
  A hound (D:3)
  An orc wizard (D:3)
  3 gnolls
  An adder (D:2)
  4 worms
  2 dart slugs
  7 orcs (D:3)
  5 endoplasms
  5 giant cockroaches
  9 hobgoblins
  4 jackals (D:1)
  2 quokkas
  A ball python (D:2)
  6 bats
  2 frilled lizards
  4 goblins
  3 kobolds
  3 rats
64 creatures vanquished.

Vanquished Creatures (others)
  2 fungi (D:1)
  A plant (D:1)
3 creatures vanquished.

Grand Total: 67 creatures vanquished

Notes
Turn   | Place    | Note
-------+----------+-------------------------------------------
     0 | D:1      | Murumi the Formicid Fighter began the quest for the Orb.
     0 | D:1      | Reached XP level 1. HP: 18/18 MP: 1/1
   104 | D:1      | Reached skill level 4 in Shields
   202 | D:1      | Reached XP level 2. HP: 24/24 MP: 2/2
   595 | D:1      | Reached XP level 3. HP: 22/30 MP: 3/3
   694 | D:1      | Found a faded altar of an unknown god.
  1496 | D:2      | Reached skill level 1 in Dodging
  1496 | D:2      | Reached XP level 4. HP: 32/37 MP: 4/4
  2479 | D:3      | Reached skill level 1 in Evocations
  2479 | D:3      | Reached XP level 5. HP: 38/42 MP: 5/5
  2808 | D:3      | Noticed a centaur
  2820 | D:3      | Killed a centaur
  2821 | D:3      | Reached skill level 5 in Shields
  2821 | D:3      | Reached XP level 6. HP: 20/48 MP: 6/6
  3042 | D:3      | Identified the +5 ring mail of the Worm {rElec Dex+3}
  3055 | D:3      | Killed from afar by a gnoll

Illustrated notes

Levels and vault maps discovered:
D:1:      elethiomel_arrival_quiet, layout_loops_ring,
          shapermc_ecumenical_altar_hornbeckon, chequers_serial_rivers_micro_c,
          minivault_25
D:2:      layout_rooms
D:3:      layout_loops_ring, minivault_11, kennysheep_generic_room_16

Skill      XL: |  1  2  3  4  5  6 |
---------------+-------------------+-----
Shields        | 4 5 |  5.0
Fighting       | 4 |  4.0
Armour         | 4 |  4.0
Dodging        | 1 |  1.0
Maces & Flails | 3 4 |  4.0
Evocations     | 1 2 |  2.0

Action                   |  1- 3 |  4- 6 || total
-------------------------+-------+-------++-------
Melee: Flail             |    78 |       ||    78
       Whip              |    30 |    88 ||   118
       Morningstar       |       |    67 ||    67
  Use: Scroll            |     1 |     2 ||     3
Armor: Scale mail        |    49 |    59 ||   108
Dodge: Dodged            |    49 |    68 ||   117
Block: Buckler           |    25 |    29 ||    54

Table legend: (Time is in decaauts)
 A = Elapsed time spent in this place.
 B = Non-inter-level travel time spent in this place.
 C = Inter-level travel time spent in this place.
 D = Time resting spent in this place.
 E = Time spent auto-exploring this place.
 F = Levels seen in this place.
 G = Mean time per level.
                   A        B        C        D        E       F      G
               +--------+--------+--------+--------+--------+-----+--------+
         Total |   3115 |   2924 |    191 |    216 |   2086 |   3 | 1038.3 |
       Dungeon |   3115 |   2924 |    191 |    216 |   2086 |   3 | 1038.3 |
               +--------+--------+--------+--------+--------+-----+--------+

Top non-repeatable levels by time:
     D:1: 1258 daAuts
     D:2: 1107 daAuts
     D:3: 750 daAuts
